 Dungeon Crawl Stone Soup version 0.30-a0-1053-gbd8d5ba0ad (webtiles) character file.

Game seed: 6339085605703736121

718 tsouns the Magician (level 7, 0/35 HPs)
             Began as a Spriggan Conjurer on Apr 11, 2023.
             Was an Initiate of Makhleb.
             Slain by an orc
             ... wielding a +0 club
              (4 damage)
             ... on level 4 of the Dungeon.
             The game lasted 00:08:19 (5442 turns).

tsouns the Magician (Spriggan Conjurer)             Turns: 5442, Time: 00:08:20

Health: 0/35       AC:  2    Str:  3    XL:     7   Next: 42%
Magic:  6/18       EV: 17    Int: 21    God:    Makhleb [......]
Gold:   215        SH:  0    Dex: 14    Spells: 5/19 levels left

rFire   . . .      SeeInvis +    g - +0 short sword (elec)
rCold   . . .      Faith    .    (no shield)
rNeg    . . .      Spirit   .    a - +0 robe
rPois   .          Reflect  .    (helmet restricted)
rElec   .          Rampage  .    (no cloak)
rCorr   .                        (gloves unavailable)
Will    +....                    (boots unavailable)
Stlth   ++                       (no amulet)
HPRegen 0.25/turn                (no ring)
MPRegen 0.16/turn                (no ring)

@: very quick
A: very small, no large weapons, unfitting armour, see invisible, speed 3
a: Renounce Religion


You were on level 4 of the Dungeon.
You worshipped Makhleb.
Makhleb was noncommittal.
You visited 1 branch of the dungeon, and saw 5 of its levels.

You collected 215 gold pieces.

Inventory:

Hand Weapons
 g - a +0 short sword of electrocution (weapon)
Missiles
 f - 2 throwing nets
Armour
 a - a +0 robe (worn)
Wands
 n - a wand of roots (3)
Scrolls
 d - a scroll of fog {unknown}
 h - a scroll of vulnerability {unknown}
 i - a scroll of acquirement {unknown}
 k - 5 scrolls of identify {unknown}
 l - a scroll of enchant armour {unknown}
 r - a scroll of teleportation {unknown}
 s - a scroll of immolation {unknown}
 t - a scroll of fear {unknown}
 w - a scroll of amnesia {unknown}
 x - a scroll of magic mapping {unknown}
Potions
 b - a potion of magic
 c - 3 potions of degeneration {unknown}
 e - 2 potions of lignification {unknown}
 j - 2 potions of heal wounds {unknown}
 m - a potion of haste {unknown}
 o - a potion of mutation {unknown}
 p - a potion of ambrosia {unknown}
 q - a potion of attraction {unknown}
 u - a potion of might {unknown}
 v - a potion of cancellation {unknown}


   Skills:
 + Level 2.7 Fighting
 - Level 2.6 Dodging
 - Level 3.0 Stealth
 + Level 6.8 Spellcasting
 + Level 4.9 Conjurations


You had 5 spell levels left.
You knew the following spells:

 Your Spells              Type           Power      Damage    Failure   Level
a - Magic Dart            Conj           100%       1d8       1%          1
b - Searing Ray           Conj           56%        2d6       1%          2
c - Dazzling Flash        Conj/Hex       34%        N/A       10%         3
d - Fulminant Prism       Conj/Hex       8%         3d7       32%         4
e - Iskenderun's Mystic   Conj/Tloc      17%        2d5       32%         4

Your spell library contained the following spells:

 Spells                   Type           Power      Damage    Failure   Level
 Inner Flame              Hex/Fire       7%         N/A       26%         3
 Yara's Violent Unravell  Hex/Tmut       3%         3d4       94%         5
 Enfeeble                 Hex            3%         N/A       100%        7


Dungeon Overview and Level Annotations

Branches:
Dungeon (5/15)
 Temple: D:4-7

Altars:
Dithmenos
Makhleb
Nemelex Xobeh
Uskayaw


Innate Abilities, Weirdness & Mutations

You are very small and have problems with some larger weapons.
You are too small for most types of armour.
You have supernaturally acute eyesight. (SInv)
You cover ground extremely quickly. (Speed+++)


Message History

You kill the orc!
Makhleb accepts your kill.
The searing ray hits the orc!
You kill the orc!
Makhleb accepts your kill.
The searing ray hits the ufetubus.
The ufetubus is almost dead. (Press . to maintain the ray.)
The orc barely misses you.
The searing ray hits the orc wizard!
The orc wizard is severely wounded.
The searing ray hits the orc!
You kill the orc!
Makhleb accepts your kill. The orc hits you with a +0 club.
The orc wizard closely misses you.
Unknown command.
The searing ray hits the orc wizard.
The orc wizard is almost dead.
The orc barely misses you.
The orc wizard points at you and mumbles some strange words.
The puff of flame hits you!
* * * LOW HITPOINT WARNING * * *
Unknown command.
The orc hits you with a +0 club.
* * * LOW HITPOINT WARNING * * *
The orc wizard hits you with a +0 dagger.
* * * LOW HITPOINT WARNING * * *
The ufetubus closely misses you. The ufetubus misses you.
You climb upwards.
There is a stone staircase leading down here.
Casting: Searing Ray (safe; 1% risk of failure)
Confirm with . or Enter, or press ? or * to list all spells.
Aiming: Magic Dart (safe; 1% risk of failure)
Press: ? - help, Shift-Dir - straight line, f - orc wizard
Aim: an orc wizard, wielding a +0 dagger and wearing a +0 robe (almost dead, slightly transparent, 100% to hit)
The magic dart hits the orc wizard.
You kill the orc wizard!
Makhleb accepts your kill. The orc hits you with a +0 club.
You die...

#######.......
####.......######
#....#######
#....#######
##.##.#.....#
#..##.#.....#
#...........#
#)###.#.....######
#@o...............
####..#....#######
#....###...# #...
#.##.# #...# #.##
#.##.# #...# #.#
#########.##.#
#...###.#
#.....#......#
#.......#
###.PPP.#......#
#...#####
#.'.P...#.....##
#...# #


You could see an orc.

Vanquished Creatures
  Edmund (D:4)
  A centaur (D:5)
  An ogre (D:4)
  A scorpion (D:4)
  A howler monkey (D:4)
  An orc priest (D:4)
  Jessica (D:2)
  An iguana (D:4)
  3 orc wizards
  4 gnolls (D:2)
  3 adders
  3 ufetubi (D:4)
  2 worms (D:2)
  A dart slug (D:3)
  15 orcs
  7 ball pythons
  5 bats
  8 endoplasms
  3 giant cockroaches
  8 goblins
  3 hobgoblins
  8 jackals
  12 kobolds
  7 quokkas
  13 frilled lizards
  5 rats
118 creatures vanquished.

Vanquished Creatures (others)
  18 plants
18 creatures vanquished.

Grand Total: 136 creatures vanquished

Notes
Turn   | Place    | Note
-------+----------+-------------------------------------------
     0 | D:1      | tsouns the Spriggan Conjurer began the quest for the Orb.
     0 | D:1      | Reached XP level 1. HP: 9/9 MP: 5/5
   145 | D:1      | Reached skill level 3 in Spellcasting
   413 | D:1      | Reached XP level 2. HP: 13/13 MP: 2/7
  1323 | D:2      | Reached XP level 3. HP: 16/16 MP: 6/9
  1661 | D:2      | Noticed Jessica
  1667 | D:2      | Killed Jessica
  1668 | D:2      | Reached skill level 4 in Spellcasting
  1835 | D:2      | Reached XP level 4. HP: 21/21 MP: 7/11
  1838 | D:2      | Learned a level 2 spell: Searing Ray
  1842 | D:2      | Learned a level 3 spell: Dazzling Flash
  1847 | D:2      | Learned a level 4 spell: Fulminant Prism
  2098 | D:2      | Found a faded altar of an unknown god.
  2855 | D:3      | Reached XP level 5. HP: 24/24 MP: 13/13
  2963 | D:3      | Reached skill level 5 in Spellcasting
  3495 | D:3      | You fall into a shaft and drop 2 floors!
  3495 | D:5      | Entered Level 5 of the Dungeon
  3528 | D:5      | Noticed a centaur
  3760 | D:4      | Noticed Edmund
  3781 | D:4      | Reached skill level 1 in Fighting
  3781 | D:4      | Reached XP level 6. HP: 29/30 MP: 4/15
  3789 | D:4      | Killed Edmund
  3790 | D:4      | Reached skill level 6 in Spellcasting
  4349 | D:3      | Found a burning altar of Makhleb.
  4379 | D:3      | Found a sparkling altar of Nemelex Xobeh.
  4431 | D:3      | Became a worshipper of Makhleb the Destroyer
  4591 | D:4      | Found a hide-covered altar of Uskayaw.
  4842 | D:4      | Learned a level 4 spell: Iskenderun's Mystic Blast
  4855 | D:4      | Reached XP level 7. HP: 35/35 MP: 6/17
  5376 | D:4      | Found a shadowy altar of Dithmenos.
  5442 | D:4      | Slain by an orc

Illustrated notes

Levels and vault maps discovered:
D:1:      tarquinn_simple_flora_water_a, layout_basic
D:2:      layout_basic, chequers_ecumenical_altar_simple, st_stairs_12,
          hangedman_decor_lopped, uniq_jessica
D:3:      layout_basic, mainiacjoe_overflow_two_lobes, serial_glass,
          glass_columns_c, glass_columns_b, serial_bayou_ford_a, minivault_4,
          minmay_lizard_king
D:4:      layout_basic, mainiacjoe_overflow_alcove_4,
          mainiacjoe_overflow_tiny_flanked, minmay_increasing_density,
          uniq_edmund
D:5:      layout_cave_pools, minmay_temple_entry_grid,
          chequers_serial_rivers_small_a, minmay_misc_feat_encased,
          kennysheep_generic_room_3

Skill      XL: |  1  2  3  4  5  6 |
---------------+-------------------+-----
Conjurations   | 3 4 |  4.9
Spellcasting   | 3 4 5 6 |  6.8
Fighting       | 1 2 |  2.7
Dodging        | |  2.6
Stealth        | |  3.0

Action                     |  1- 3 |  4- 6 |  7- 9 || total
---------------------------+-------+-------+-------++-------
  Melee: Unarmed           |     6 |       |       ||     6
         Short sword       |    10 |    10 |       ||    20
         Punch             |     1 |       |       ||     1
   Cast: Magic Dart        |    88 |   140 |    27 ||   255
         Searing Ray       |       |     9 |     2 ||    11
   Stab: Sleeping          |     1 |     1 |       ||     2
 Armour: Robe              |     2 |     2 |       ||     4
  Dodge: Dodged            |    28 |    25 |    11 ||    64

Table legend: (Time is in decaauts)
 A = Elapsed time spent in this place.
 B = Non-inter-level travel time spent in this place.
 C = Inter-level travel time spent in this place.
 D = Time resting spent in this place.
 E = Time spent auto-exploring this place.
 F = Levels seen in this place.
 G = Mean time per level.
                   A        B        C        D        E       F      G
               +--------+--------+--------+--------+--------+-----+--------+
         Total |   4296 |   4177 |    119 |      0 |   3532 |   5 |  859.2 |
       Dungeon |   4296 |   4177 |    119 |      0 |   3532 |   5 |  859.2 |
               +--------+--------+--------+--------+--------+-----+--------+

Top non-repeatable levels by time:
     D:2: 1192 daAuts
     D:3: 1088 daAuts
     D:1: 1041 daAuts
     D:4: 941 daAuts
     D:5: 33 daAuts
